 Dungeon Crawl Stone Soup version 0.21-a0-578-gc6e9d75 (webtiles) character file.

28 slep the Chopper (level 2, -2/23 HPs)
             Began as a Demonspawn Gladiator on Dec 19, 2017.
             Slain by an adder (3 damage)
             ... on level 2 of the Dungeon.
             The game lasted 00:02:37 (593 turns).

slep the Chopper (Demonspawn Gladiator)              Turns: 593, Time: 00:02:38

Health: -2/23      AC:  4    Str: 14    XL:     2   Next: 96%
Magic:  0/2        EV: 13    Int:  9    God:
Gold:   75         SH:  0    Dex: 14    Spells: 1/1 levels left

rFire    . . .     SeeInvis .   a - +0 war axe
rCold    . . .     Gourm    .   (no shield)
rNeg     . . .     Faith    .   b - +0 leather armour
rPois    .         Spirit   +   c - +0 helmet
rElec    .         Reflect  .   (no cloak)
rCorr    .         Harm     .   (no gloves)
MR       .....                  (no boots)
Stlth    +.........             (no amulet)
HPRegen  0.07/turn              (no ring)
MPRegen  0.08/turn              (no ring)

@: no status effects
A: magic shield
a: no special abilities


You were on level 2 of the Dungeon.
You were not hungry.

You visited 1 branch of the dungeon, and saw 2 of its levels.

You collected 75 gold pieces.

Inventory:

Hand Weapons
 a - a +0 war axe (weapon)
Missiles
 d - 3 throwing nets (quivered)
Armour
 b - a +0 leather armour (worn)
 c - a +0 helmet (worn)
Scrolls
 e - 5 scrolls of identify {unknown}
 g - a scroll of enchant weapon {unknown}
 h - 2 scrolls of fog {unknown}
 i - a scroll of remove curse {unknown}
 k - a scroll of enchant armour {unknown}
 l - a scroll of magic mapping {unknown}
Potions
 j - a potion of heal wounds {unknown}
Comestibles
 f - 2 rations


   Skills:
 + Level 2.3 Fighting
 + Level 3.1 Axes
 + Level 1.9 Throwing
 + Level 0.3 Armour
 + Level 3.0 Dodging
 + Level 0.2 Stealth


You had one spell level left.
You didn't know any spells.

Dungeon Overview and Level Annotations

Branches:
Dungeon (2/15)

Altars:
Trog


Innate Abilities, Weirdness & Mutations

When hurt, damage is shared between your health and your magic reserves.


Message History

The hobgoblin hits you with a club.
* * * LOW HITPOINT WARNING * * *
You closely miss the hobgoblin.
The hobgoblin is severely wounded.
You barely miss the adder. The adder closely misses you.
The hobgoblin misses you. The adder barely misses you.
You slash the hobgoblin!
You kill the hobgoblin!
You barely miss the adder. The adder barely misses you.
The adder bites you but does no damage.
You hit the adder but do no damage.
The adder bites you but does no damage. x2
You barely miss the adder. The adder closely misses you.
You hit the adder.
The adder is heavily wounded.
The adder closely misses you. The adder bites you.
* * * LOW HITPOINT WARNING * * *
You miss the adder.
The adder is heavily wounded.
The adder barely misses you. The adder bites you.
You die...

................#...#...#...#...#
###.....))....#..................
###......########...#.).#...#...#
##...##......# #.................
..>......###.# ##################
.........###.### ...............
##### .........## #.####......
....###.#####.?.@S....#
###....<....(....)...... #
#####.########.......# #.#
#.......# ... .......## ...##
##.....# ###.# ......# #.#
......# ..#


You could see an adder.

Vanquished Creatures
  A dart slug (D:2)
  A leopard gecko (D:1)
  8 bats
  A giant cockroach (D:1)
  4 hobgoblins
  A ball python (D:1)
  A frilled lizard (D:2)
  3 goblins
  4 rats
24 creatures vanquished.

Notes
Turn   | Place    | Note
-------+----------+-------------------------------------------
     0 | D:1      | slep the Demonspawn Gladiator began the quest for the Orb.
     0 | D:1      | Reached XP level 1. HP: 16/16 MP: 1/1
     1 | D:1      | Noticed an electric eel
   107 | D:1      | Gained mutation: When hurt, damage is shared between your health and your magic reserves. [demonic ancestry]
   107 | D:1      | Reached XP level 2. HP: 10/22 MP: 2/2
   517 | D:2      | Found a bloodstained altar of Trog.
   592 | D:2      | HP: 1/23 [adder (1)]
   593 | D:2      | Slain by an adder

Vault maps used:
D:1:      arrival_aquarium_a, minmay_cut_off
D:2:      lemuel_coloured_pillars_altar

Skill      XL: |  1  2 |
---------------+-------+-----
Axes           | 3 |  3.1
Dodging        | 3 |  3.0
Fighting       | |  2.3
Throwing       | |  1.9
Armour         | |  0.3
Stealth        | |  0.2

Action                   || total
-------------------------++-------
Melee: War axe           ||    70
 Stab: Sleeping          ||     1
Armor: Leather armour    ||    29
Dodge: Dodged            ||    72

Table legend:
 A = Spawn XP
 B = Non-spawn XP
 C = Spawn XP percentage of total XP
 D = Spawn monster count
 E = Non-spawn monster count
 F = Spawn count percentage of total count
 G = Total turns spent on level
                    A         B        C        D         E        F      G
               +---------+---------+-------+---------+---------+-------+---------
         Total |       0 |      40 |   0.0 |       0 |      24 |   0.0 |   593
               +---------+---------+-------+---------+---------+-------+---------
           D:1 |       0 |      23 |   0.0 |       0 |      15 |   0.0 |   433
           D:2 |       0 |      17 |   0.0 |       0 |       9 |   0.0 |   160
               +---------+---------+-------+---------+---------+-------+---------
